 Dungeon Crawl Stone Soup version 0.27-a0-1149-g4505690ab0 (webtiles) character file.

Game seed: 11714294028408455206

20 robertstho the Magician (level 3, -3/25 HPs)
             Began as a Djinni Fire Elementalist on May 13, 2021.
             Slain by Sigmund
             ... wielding a +0 scythe
              (8 damage)
             ... on level 2 of the Dungeon.
             The game lasted 00:01:10 (895 turns).

robertstho the Magician (Djinni Fire Elementalist)   Turns: 895, Time: 00:01:12

Health: -3/25      AC:  2    Str:  7    XL:     3   Next: 0%
Gold:   75         EV: 11    Int: 17    God:
                   SH:  5    Dex: 13

rFire    + + .     SeeInvis .   c - +0 hand axe
rCold    x . .     Faith    .   g - +2 buckler
rNeg     . . .     Spirit   .   a - +0 robe
rPois    ∞         Reflect  .   (no helmet)
rElec    .         Harm     .   (no cloak)
rCorr    .         Rampage  .   (no gloves)
Will     .....                  (boots unavailable)
Stlth    ++........             (no amulet)
HPRegen  0.08/turn              (no ring)
MPRegen  0.00/turn              (no ring)

@: flying
A: sickness immunity, fire resistance 2, cold vulnerability 1, float, innate
caster, hp casting, extra vitality 1
a: no special abilities


You were on level 2 of the Dungeon.
You visited 1 branch of the dungeon, and saw 2 of its levels.

You collected 75 gold pieces.

Inventory:

Hand Weapons
 c - a +0 hand axe (weapon)
Armour
 a - a +0 robe (worn)
 g - a +2 buckler (worn)
Scrolls
 b - a scroll of holy word {unknown}
 e - a scroll of vulnerability {unknown}
 f - a scroll of fog {unknown}
Potions
 d - a potion of heal wounds {unknown}


   Skills:
 + Level 2.4 Dodging
 + Level 1.7 Stealth
 + Level 3.0 Spellcasting


You couldn't memorise any spells.
You knew the following spells:

 Your Spells              Type           Power      Damage    Failure   Level
a - Foxfire               Conj/Fire      48%        2x1d6     9%          1
b - Conjure Flame         Conj/Fire      12%        6-21      26%         3
c - Inner Flame           Hex/Fire       12%        N/A       26%         3
d - Sticky Flame          Conj/Fire      12%        2d4       63%         4
e - Fireball              Conj/Fire      6%         3d5       93%         5
f - Animate Skeleton      Necr           24%        N/A       9%          1
Your spell library was empty.

Dungeon Overview and Level Annotations

Branches:
Dungeon (2/15)

Altars:
Hepliaklqana

Annotations:
D:2 Sigmund


Innate Abilities, Weirdness & Mutations

You are immune to sickness and miasma.
You are immune to poison.
Your flesh is very heat resistant. (rF++)
You are vulnerable to cold. (rC-)
You float through the air rather than walking.
You learn spells naturally, not from books.
Your magical power is your life essence.
You have superior vitality. (+4 HP)


Message History

Press: ? - help, Q - select action, (/) - cycle Dir - look around, f - activate You conjure some foxfire!
The foxfire hits Sigmund.
Sigmund is lightly wounded.
The foxfire hits Sigmund.
Sigmund is lightly wounded.
Casting: Foxfire (safe; 9% risk of failure)
Press: ? - help, Q - select action, (/) - cycle Dir - look around, f - activate You conjure some foxfire!
The foxfire hits Sigmund.
Sigmund is moderately wounded.
Unknown command.
Casting: Foxfire (safe; 9% risk of failure)
Press: ? - help, Q - select action, (/) - cycle Dir - look around, f - activate You conjure some foxfire!
The foxfire hits Sigmund.
Sigmund is moderately wounded.
The foxfire hits Sigmund.
Sigmund is heavily wounded.
Sigmund casts a spell at himself.
Sigmund flickers and vanishes!
Deactivating autopickup; reactivate with Ctrl-A.
Casting: Foxfire (safe; 9% risk of failure)
Press: ? - help, Q - select action, (/) - cycle Dir - look around, f - activate You conjure some foxfire!
The foxfire hits something.
Something hits you!
Unknown command.
Casting: Foxfire (safe; 9% risk of failure)
Press: ? - help, Q - select action, (/) - cycle Dir - look around, f - activate You conjure some foxfire!
The foxfire hits something. x2; Something hits you.
* * * LOW HITPOINT WARNING * * *
Unknown command.
Unknown command.
Casting: Foxfire (safe; 9% risk of failure)
Press: ? - help, Q - select action, (/) - cycle Dir - look around, f - activate You conjure some foxfire!
* * * LOW HITPOINT WARNING * * *
The foxfire hits something.
Something hits you!
You die...

##.. #..####### #
#........ .
#......# .##
#.._..## @.
#......# #.
#......# .#
#>###vv###.####.#
#.# #@.{........#
#.# ######.######
#<# .# #.# .# #.#
.# #.# .# #.# .#
#.# .# #..


There were no monsters in sight!

Vanquished Creatures
  3 bats (D:1)
  An endoplasm (D:1)
  3 goblins (D:1)
  3 jackals (D:1)
  A kobold (D:1)
  2 quokkas (D:1)
  2 ball pythons (D:1)
  2 rats (D:1)
17 creatures vanquished.

Vanquished Creatures (others)
  54 foxfires
54 creatures vanquished.

Grand Total: 71 creatures vanquished

Notes
Turn   | Place    | Note
-------+----------+-------------------------------------------
     0 | D:1      | robertstho the Djinni Fire Elementalist began the quest for
                  | the Orb.
     0 | D:1      | Reached XP level 1. HP: 15/15 MP: 0/0
   186 | D:1      | Reached XP level 2. HP: 18/21 MP: 0/0
   448 | D:1      | Found a faded altar of an unknown god.
   684 | D:1      | Reached skill level 3 in Spellcasting
   684 | D:1      | Reached XP level 3. HP: 23/25 MP: 0/0
   684 | D:1      | Learned a level 1 spell: Animate Skeleton
   870 | D:2      | Found a hazy altar of Hepliaklqana.
   883 | D:2      | Noticed Sigmund
   895 | D:2      | Slain by Sigmund

Illustrated notes

Levels and vault maps discovered:
D:1:      nzn_arrival_settlement, layout_rooms,
          shapermc_ecumenical_altar_hornbeckon, chequers_serial_rivers_micro_a
D:2:      minmay_inner_zag, layout_loops_ring, basic_altar,
          corexii_hall_statues_s, serial_park_tiny_1, uniq_sigmund,
          uniq_crazy_yiuf_cottage

Skill      XL: |  1  2 |
---------------+-------+-----
Spellcasting   | 3 |  3.0
Dodging        | |  2.4
Stealth        | |  1.7

Action                   || total
-------------------------++-------
 Cast: Foxfire           ||    37
Armor: Robe              ||     3
Dodge: Dodged            ||     8

Table legend: (Time is in decaauts)
 A = Elapsed time spent in this place.
 B = Non-inter-level travel time spent in this place.
 C = Inter-level travel time spent in this place.
 D = Time resting spent in this place.
 E = Time spent auto-exploring this place.
 F = Levels seen in this place.
 G = Mean time per level.
                   A        B        C        D        E       F      G
               +--------+--------+--------+--------+--------+-----+--------+
         Total |    894 |    888 |      6 |      0 |    804 |   2 |  447.0 |
       Dungeon |    894 |    888 |      6 |      0 |    804 |   2 |  447.0 |
               +--------+--------+--------+--------+--------+-----+--------+

Top non-repeatable levels by time:
     D:1: 868 daAuts
     D:2: 25 daAuts
